 Dungeon Crawl Stone Soup version 0.28.0-53-g5a82cb258f (webtiles) character file.

Game seed: 2506904718896254537

3 Gabide the Sneak (level 1, 0/18 HPs)
             Began as a Barachi Delver on June 11, 2022.
             Slain by a phantom (4 damage)
             ... on level 5 of the Dungeon.
             The game lasted 00:01:17 (422 turns).

Gabide the Sneak (Barachi Delver)                    Turns: 422, Time: 00:01:18

Health: 0/18       AC:  3    Str: 13    XL:     1   Next: 50%
Magic:  1/1        EV: 12    Int: 10    God:
Gold:   10         SH:  0    Dex: 13    Spells: 0/0 levels left

rFire   . . .      SeeInvis .   a - +0 falchion
rCold   . . .      Faith    .   (no shield)
rNeg    . . .      Spirit   .   b - +0 leather armour
rPois   .          Reflect  .   (no helmet)
rElec   .          Harm     .   (no cloak)
rCorr   .          Rampage  .   (no gloves)
Will    .....                   (no boots)
Stlth   ++........              (no amulet)
HPRegen 0.06/turn               (no ring)
MPRegen 0.07/turn               (no ring)

@: hasted, quick
A: amphibious, slowness 1, strong legs 1, +LOS
a: Hop


You were on level 5 of the Dungeon.
You visited 2 branches of the dungeon, and saw 2 of its levels.

You collected 10 gold pieces.

Inventory:

Hand Weapons
 a - a +0 falchion (weapon)
Armour
 b - a +0 leather armour (worn)
Wands
 g - a wand of digging (3)
 i - a wand of iceblast (11)
Scrolls
 c - a scroll of fog
 d - a scroll of magic mapping
 e - a scroll of fear
 h - a scroll of identify {unknown}
Potions
 k - a potion of lignification {unknown}


   Skills:
 - Level 3.6 Fighting
 + Level 2.8 Long Blades
 - Level 2.1 Dodging
 - Level 4.5 Stealth


You couldn't memorise any spells.
You didn't know any spells.
Your spell library was empty.

Dungeon Overview and Level Annotations

Branches:
Dungeon (5/15)             Temple (1/1) D:5

Altars:
Ashenzari
Cheibriados
Dithmenos
Elyvilon
Gozag
Hepliaklqana
Kikubaaqudgha
Makhleb
Nemelex Xobeh
Okawaru
Qazlal
Ru
Trog
Uskayaw
Vehumet
Wu Jian
Yredelemnul
The Shining One

Annotations:
D:5 exclusion: water moccasin


Innate Abilities, Weirdness & Mutations

You are amphibious.
You cover ground slowly.
You can hop short distances.
You have an extended range of vision and can be seen from far away.


Message History

The phantom hits you!
You are too injured to fight recklessly!
You are too injured to fight recklessly!
You are too injured to fight recklessly!
You are too injured to fight recklessly!
You are too injured to fight recklessly!
You are too injured to fight recklessly!
You are too injured to fight recklessly!
You are too injured to fight recklessly!
You are too injured to fight recklessly!
You are too injured to fight recklessly!
You are too injured to fight recklessly!
You are too injured to fight recklessly!
You are too injured to fight recklessly!
You hit the phantom.
The phantom is heavily damaged.
The phantom hits you but does no damage.
You hit the phantom.
The phantom is severely damaged.
The phantom hits you.
The phantom blinks!
You blink.
You closely miss the phantom.
The phantom is severely damaged.
The phantom closely misses you.
You miss the phantom.
The phantom is severely damaged.
You closely miss the phantom.
The phantom is severely damaged.
The phantom completely misses you.
You barely miss the phantom.
The phantom is severely damaged.
The phantom hits you.
* * * LOW HITPOINT WARNING * * *
The phantom blinks!
You blink.
You barely miss the phantom.
The phantom is severely damaged.
The phantom barely misses you.
You barely miss the phantom.
The phantom is severely damaged.
The phantom hits you.
You die...

## .# ..# .##
#.###..# .
#W#.ยง#.....
#.#..#.##.###
#.#W@#..#...
#.#..#..#..#
#.#..#.....#
#.#........#
#....#.#..## #..#
#.........##.#..#
#.....#......#..#
#.....###.####..#
####'####.......#


You could see a phantom.

Vanquished Creatures
  A worm (D:5)
1 creature vanquished.

Notes
Turn   | Place    | Note
-------+----------+-------------------------------------------
     0 | D:5      | Gabide the Barachi Delver began the quest for the Orb.
     0 | D:5      | Reached XP level 1. HP: 18/18 MP: 1/1
   268 | D:5      | Found a staircase to the Ecumenical Temple.
   277 | Temple   | Entered the Ecumenical Temple
   391 | D:5      | Noticed a water moccasin
   402 | D:5      | Noticed a phantom
   422 | D:5      | Slain by a phantom

Illustrated notes

Levels and vault maps discovered:
D:5:      layout_basic, minmay_temple_entry_hall, uniq_blork_the_orc
Temple:   mainiacjoe_temple_coin_purse

Action                   || total
-------------------------++-------
Melee: Falchion          ||    20
 Abil: Hop               ||     1
Evoke: Wand              ||     1
  Use: Potion            ||     2
Armor: Leather armour    ||     2
Dodge: Dodged            ||     5
